 Dungeon Crawl Stone Soup version 0.30-a0-219-gf2db51d15e (webtiles) character file.

Game seed: 9396686735676257171

1163 KennySheep the Changer (level 8, -5/60 HPs)
             Began as a Barachi Transmuter on Oct 8, 2022.
             Was a Believer of Wu Jian.
             Slain by an ice beast (12 damage)
             ... on level 6 of the Dungeon.
             The game lasted 00:15:58 (4167 turns).

KennySheep the Changer (Barachi Transmuter)         Turns: 4167, Time: 00:15:59

Health: -5/60      AC:  2    Str: 18    XL:     8   Next: 40%
Magic:  11/13      EV: 21    Int: 21    God:    Wu Jian [**....]
Gold:   257        SH:  0    Dex: 18    Spells: 1/13 levels left

rFire   . . .      SeeInvis .      - Unarmed
rCold   . . .      Faith    .    (shield currently unavailable)
rNeg    . . .      Spirit   .    (body armour currently unavailable)
rPois   x          Reflect  .    (helmet currently unavailable)
rElec   .          Harm     .    (cloak currently unavailable)
rCorr   .          Rampage  .    (gloves currently unavailable)
Will    .....                    (boots currently unavailable)
Stlth   ++........               j - amulet of the acrobat
HPRegen 0.30/turn                d - +6 ring of strength
MPRegen 0.13/turn                m - +6 ring of intelligence

@: spider-form
A: venomous fangs, (amphibious), tiny, (slowness 1), (strong legs 1), +LOS
a: End Transformation, Renounce Religion, Wall Jump


You were on level 6 of the Dungeon.
You worshipped Wu Jian.
Wu Jian was pleased with you.
You were a venomous arachnid creature.
You visited 1 branch of the dungeon, and saw 6 of its levels.
You also visited: Ossuary.

You collected 347 gold pieces.
You spent 90 gold pieces at shops.

Inventory:

Armour
 a - a +0 robe
 i - the +4 robe "Jojom" (melded) {Dex+4}
   (You found it on level 2 of the Dungeon)

   Dex:       It affects your dexterity (+4).
Jewellery
 d - a +6 ring of strength (left front leg)
 j - an amulet of the acrobat (around neck)
 m - a +6 ring of intelligence (right front leg)
 r - a ring of positive energy
Scrolls
 c - 2 scrolls of identify
 f - 3 scrolls of butterflies
 k - a scroll of blinking
 o - a scroll of poison {unknown}
 p - a scroll of amnesia {unknown}
 s - a scroll of enchant weapon {unknown}
 v - a scroll of silence {unknown}
Potions
 b - 4 potions of lignification
 e - 2 potions of heal wounds
 g - 5 potions of curing
 h - a potion of brilliance
 l - 2 potions of mutation
 n - 3 potions of might {unknown}
 q - a potion of magic {unknown}
 t - a potion of invisibility {unknown}
 u - a potion of resistance {unknown}


   Skills:
 + Level 3.7 Fighting
 + Level 4.0 Dodging
 + Level 4.7 Unarmed Combat
 - Level 3.3 Spellcasting
 * Level 5.9 Transmutations
 - Level 1.2 Ice Magic
 * Level 5.9 Poison Magic


You had one spell level left.
You knew the following spells:

 Your Spells              Type           Power      Damage    Failure   Level
a - Beastly Appendage     Tmut           56%        N/A       5%          1
b - Wereblood             Tmut           28%        N/A       7%          2
c - Olgreb's Toxic Radia  Pois           28%        N/A       26%         4
d - Passwall              Tmut/Erth      13%        N/A       17%         2
z - Spider Form           Tmut/Pois      28%        N/A       11%         3

Your spell library contained the following spells:

 Spells                   Type           Power      Damage    Failure   Level
 Sting                    Tmut/Pois      100%       1d8       5%          1
 Kiss of Death            Conj/Necr      12%        2d6       30%         1
 Poisonous Vapours        Pois/Air       30%        N/A       17%         2
 Ensorcelled Hibernation  Hex/Ice        12%        N/A       34%         2
 Ice Form                 Ice/Tmut       18%        N/A       50%         4
 Confusing Touch          Hex            3%         N/A       58%         3
 Swiftness                Air            3%         N/A       58%         3
 Tukima's Dance           Hex            3%         N/A       58%         3
 Yara's Violent Unravell  Hex/Tmut       8%         3d5       87%         5
 Dispel Undead            Necr           3%         3d7       90%         4
 Passage of Golubria      Tloc           3%         N/A       90%         4


Dungeon Overview and Level Annotations

Branches:
Dungeon (6/15)            Ossuary (visited)
 Temple: D:4-7

Altars:
Fedhas
Ru
Sif Muna
Uskayaw
Wu Jian
Zin


Innate Abilities, Weirdness & Mutations

You are a venomous arachnid creature.
You have poisonous fangs.
You are tiny and dextrous.
Your spellcasting is less reliable in this form.
Your armour is entirely melded.
You are incapable of wielding weapons or throwing items.
((You are amphibious.))
((You cover ground slowly.))
((You can hop short distances.))
You have an extended range of vision and can be seen from far away.


Message History

You hit the gnoll bouda.
The gnoll bouda is poisoned.
The gnoll bouda is lightly wounded.
The gnoll misses you. The gnoll bouda misses you.
The orc completely misses you. The orc priest barely misses you.
The ice beast hits you. The ice beast freezes you. The gnoll misses you.
You hit the gnoll bouda.
The gnoll bouda is severely wounded.
You kill the orc priest!
The Council accepts your kill. The gnoll barely misses you.
The gnoll bouda hits you with a +0 whip.
The orc completely misses you. The ice beast completely misses you.
The gnoll closely misses you.
Your Dodging skill increases to level 4!
You barely miss the gnoll bouda.
The gnoll bouda is severely wounded.
The gnoll closely misses you. The gnoll bouda misses you. The orc misses you.
The ice beast hits you. The ice beast freezes you!
The gnoll completely misses you.
You bite the gnoll!
The gnoll is poisoned.
The gnoll is heavily wounded.
The gnoll completely misses you. The orc hits you with a +0 hand axe.
The gnoll bouda prays to its god.
The gnoll bouda is healed somewhat.
The ice beast misses you.
The gnoll hits you from afar with a +0 halberd.
You hit the gnoll.
The gnoll is almost dead.
The gnoll closely misses you. The orc completely misses you.
The gnoll bouda barely misses you. The ice beast barely misses you.
The gnoll hits you from afar with a +0 halberd!
* * * LOW HITPOINT WARNING * * *
You completely miss the gnoll bouda.
The gnoll bouda is severely wounded.
The gnoll hits you with a +0 club!
* * * LOW HITPOINT WARNING * * *
The gnoll bouda closely misses you. The orc closely misses you.
The ice beast hits you.
* * * LOW HITPOINT WARNING * * *
The ice beast freezes you!
You die...

. .#..#. #. #.
.....####.. .#
#.##.......#.#..#
####.....##.#.#.#.## #
................>.. # .
#................#.#o
#....8$g....#..#..
.#.#...Yg......#..o####
......8.s)8....#......
..^.....go.[...#.##.####
#.......8..###.........#
#....##.....##...#.###.##
.... ###.#.##...#.###...
... #.#......#)#... ..
#.#####..#.#.# . #.#
#......# ..# #.#†####


You could see an ice beast, a gnoll bouda (very poisoned), 2 gnolls and an orc.

Vanquished Creatures
  A wraith (Ossuary)
  A sky beast (D:6)
  A black bear (D:5)
  2 ogres (D:4)
  A phantom (D:5)
  A bullfrog (D:6)
  2 scorpions (D:5)
  3 hounds (D:5)
  2 orc priests
  A jelly (D:4)
  An iguana (D:4)
  An orc wizard (D:5)
  3 mummies (Ossuary)
  A gnoll (D:6)
  5 adders
  A shadow imp (D:5)
  2 worms (D:3)
  A dart slug (D:3)
  11 orcs
  3 ball pythons
  2 bats
  2 endoplasms
  4 giant cockroaches
  6 goblins
  5 hobgoblins
  7 jackals
  2 kobolds (D:1)
  5 quokkas
  3 frilled lizards (D:1)
  2 goblin zombies (Ossuary)
  7 hobgoblin zombies (Ossuary)
  5 kobold zombies (Ossuary)
  5 rats
99 creatures vanquished.

Vanquished Creatures (others)
  7 fungi (D:5)
7 creatures vanquished.

Grand Total: 106 creatures vanquished

Notes
Turn   | Place    | Note
-------+----------+-------------------------------------------
     0 | D:1      | KennySheep the Barachi Transmuter began the quest for the
                  | Orb.
     0 | D:1      | Reached XP level 1. HP: 15/15 MP: 3/3
   144 | D:1      | Reached skill level 1 in Ice Magic
   246 | D:1      | Reached XP level 2. HP: 17/21 MP: 5/5
   249 | D:1      | Learned a level 2 spell: Wereblood
   416 | D:1      | Reached skill level 1 in Poison Magic
   843 | D:2      | Reached XP level 3. HP: 22/26 MP: 4/6
   847 | D:2      | Learned a level 3 spell: Spider Form
   881 | D:2      | Identified the +4 robe "Jojom" {Dex+4}
  1329 | D:3      | Found a faded altar of an unknown god.
  1340 | D:3      | Reached XP level 4. HP: 32/32 MP: 3/7
  1348 | D:3      | Prayed at the altar of an unknown god.
  1348 | D:3      | Became a worshipper of the Wu Jian Council
  1348 | D:3      | Reached * piety under Wu Jian
  1462 | D:3      | You fall into a shaft and drop 1 floor!
  1533 | D:4      | Found a shimmering blue altar of Sif Muna.
  1734 | D:4      | Noticed an ogre
  1749 | D:4      | Killed an ogre
  1750 | D:4      | Reached XP level 5. HP: 12/37 MP: 6/9
  2019 | D:4      | Reached XP level 6. HP: 41/43 MP: 6/10
  2369 | D:4      | Found a sacrificial altar of Ru.
  2433 | D:5      | Entered Level 5 of the Dungeon
  2542 | D:5      | Learned a level 4 spell: Olgreb's Toxic Radiance
  2601 | D:5      | Noticed a black bear
  2610 | D:5      | Killed a black bear
  2611 | D:5      | Reached XP level 7. HP: 26/51 MP: 6/12
  2730 | D:5      | Reached ** piety under Wu Jian
  2822 | D:5      | Found Zin's Purification Station.
  2825 | D:5      | Found a glowing silver altar of Zin.
  2828 | D:5      | Bought a potion of curing for 90 gold pieces
  2926 | D:5      | Reached skill level 5 in Transmutations
  3160 | D:5      | Found a hide-covered altar of Uskayaw.
  3268 | D:5      | Reached skill level 5 in Poison Magic
  3382 | D:5      | Found a blossoming altar of Fedhas.
  3441 | D:6      | Learned a level 2 spell: Passwall
  3460 | D:6      | Reached XP level 8. HP: 58/58 MP: 9/13
  3492 | D:6      | Found a sand-covered staircase.
  3509 | Ossuary  | Entered an ossuary
  3509 | Ossuary  | Noticed a wraith
  3509 | Ossuary  | Noticed a wraith
  3509 | Ossuary  | Noticed a wraith
  3763 | Ossuary  | Noticed a wraith
  3786 | Ossuary  | Killed a wraith
  4167 | D:6      | Slain by an ice beast

Illustrated notes

Levels and vault maps discovered:
D:1:      psy_arrival_terrarium, layout_loops_ring
D:2:      layout_rooms
D:3:      layout_rooms, serial_shops, shop_fountains,
          hellmonk_ecumenical_altar_pennies_from_heaven
D:4:      layout_cave_pools, amcnicky_altar_gilded, nicolae_ru_path_of_blood,
          minmay_ruptured
D:5:      layout_rooms, fedhas_altar_4, mainiacjoe_overflow_cross_hatched,
          zin_purify
D:6:      layout_basic, nicolae_ossuary_entry_monument, grunt_tough_drop

Skill      XL: |  1  2  3  4  5  6  7  8 |
---------------+-------------------------+-----
Ice Magic      | 1 |  1.2
Poison Magic   | 1 2 3 4 5 |  5.9
Transmutations | 3 4 5 |  5.9
Spellcasting   | 3 |  3.3
Fighting       | 2 3 |  3.7
Dodging        | 3 4 |  4.0
Unarmed Combat | 4 |  4.7

Action                   |  1- 3 |  4- 6 |  7- 9 || total
-------------------------+-------+-------+-------++-------
Melee: Unarmed           |   130 |   130 |   151 ||   411
       Punch             |     3 |       |       ||     3
       Kick              |     5 |       |       ||     5
       Headbutt          |     2 |       |       ||     2
 Cast: Beastly Appendage |     5 |       |       ||     5
       Wereblood         |     1 |       |       ||     1
       Spider Form       |     1 |    15 |    14 ||    30
Invok: Lunge             |       |     9 |     8 ||    17
       Whirlwind         |       |       |     4 ||     4
  Use: Scroll            |       |       |     3 ||     3
       Potion            |       |       |     2 ||     2
 Stab: Sleeping          |     2 |     3 |       ||     5
Armor: Robe              |    23 |    15 |     3 ||    41
       Skin              |       |     3 |     5 ||     8
Dodge: Dodged            |    77 |   100 |   142 ||   319

Table legend: (Time is in decaauts)
 A = Elapsed time spent in this place.
 B = Non-inter-level travel time spent in this place.
 C = Inter-level travel time spent in this place.
 D = Time resting spent in this place.
 E = Time spent auto-exploring this place.
 F = Levels seen in this place.
 G = Mean time per level.
                   A        B        C        D        E       F      G
               +--------+--------+--------+--------+--------+-----+--------+
         Total |   4571 |   4503 |     68 |    686 |   2740 |   7 |  653.0 |
       Dungeon |   3856 |   3788 |     68 |    438 |   2580 |   6 |  642.7 |
       Ossuary |    715 |    715 |      0 |    248 |    159 |   1 |  715.0 |
               +--------+--------+--------+--------+--------+-----+--------+

Top non-repeatable levels by time:
     D:5: 1059 daAuts
     D:4: 1040 daAuts
     D:1: 905 daAuts
 Ossuary: 715 daAuts
     D:2: 606 daAuts
     D:3: 143 daAuts
     D:6: 99 daAuts
